 Dungeon Crawl Stone Soup version 0.21-a0-140-g479285b (console) character file.

2340 utis the Poker (level 9, 0/100 HPs)
             Began as a Human Wanderer on July 18, 2017.
             Slain by a killer bee (4 damage)
             ... on level 8 of the Dungeon on July 19, 2017.
             The game lasted 00:28:57 (11102 turns).

utis the Poker (Human Wanderer)                    Turns: 11102, Time: 00:28:58

Health: 0/100      AC: 24    Str: 14    XL:     9   Next: 70%
Magic:  13/13      EV:  2    Int: 19    God:
Gold:   423        SH:  0    Dex: 12    Spells: 10/14 levels left

rFire    . . .     SeeInvis .   a - +1 halberd (freeze)
rCold    . . .     Gourm    .   (shield currently unavailable)
rNeg     + + +     Faith    .   (armour currently unavailable)
rPois    +         Spirit   .   (helmet currently unavailable)
rElec    .         Reflect  .   (cloak currently unavailable)
rCorr    .         Harm     .   (gloves currently unavailable)
MR       .....     NoTele   +   (boots currently unavailable)
Stlth    +.........             (no amulet)
HPRegen  0.26/turn              I - +4 ring of intelligence
MPRegen  0.13/turn              (no ring)

@: tree-form
A: no striking features
a: no special abilities


You were on level 8 of the Dungeon.
You were not hungry.
You were a tree.
You visited 1 branch of the dungeon, and saw 8 of its levels.

You collected 423 gold pieces.

Inventory:

Hand Weapons
 a - a +1 halberd of freezing (weapon)
 b - a +0 hunting sling
 c - a +0 blowgun {@w1}
 A - a +1 spear of piercing
 G - a +2 spear
 J - the +0 dagger of Embarrassment {distort, rF+ rC+ Str+2}
   (You found it on level 5 of the Dungeon)

   It warps and distorts space around it.
   Unwielding it can cause banishment or high damage.
   It affects your strength (+2).
   It protects you from fire.
   It protects you from cold.
Missiles
 h - 60 stones (quivered)
 i - 81 poisoned needles
 j - 7 curare-tipped needles {=f}
 k - 96 bolts
 s - 28 sling bullets
 y - 35 arrows
 R - 4 tomahawks
Armour
 d - a +0 robe
 l - a +0 plate armour (melded)
 p - a +1 helmet (melded)
 v - a +1 pair of boots (melded)
 w - a +1 pair of gloves (melded)
Jewellery
 I - a +4 ring of intelligence (left branch)
 K - an uncursed amulet of rage {unknown}
Wands
 x - a wand of random effects (0/48)
 M - a wand of flame (0/48)
 O - a wand of flame (0/48)
Scrolls
 n - 5 scrolls of teleportation {@r4}
 o - a scroll of recharging
 q - 4 scrolls of remove curse {@r2}
 B - 3 scrolls of fog
 N - a scroll of identify {@r1}
 T - a scroll of immolation {unknown}
Potions
 e - a potion of invisibility
 m - a potion of flight {unknown}
 r - 3 potions of agility
 t - a potion of brilliance
 E - a potion of ambrosia {unknown}
 F - 2 potions of lignification
 H - a potion of haste {@q3}
 L - a potion of resistance {unknown}
 P - a potion of cancellation {unknown}
Books
 C - a book of Frost

   Spells                             Type                      Level
   a - Freeze                         Ice                          1
   b - Throw Frost                    Conjuration/Ice              2
   c - Ozocubu's Armour               Charms/Ice                   3
   d - Throw Icicle                   Conjuration/Ice              4
   e - Summon Ice Beast               Ice/Summoning                4
Comestibles
 f - 8 bread rations {@e1}
 g - 3 meat rations {@e1}
 u - 4 royal jellies {@e3}
 z - 3 fruits {@e2}


   Skills:
 - Level 4.9 Fighting
 - Level 6.5 Polearms
 - Level 1.0 Throwing
 - Level 6.0 Armour
 + Level 3.1 Spellcasting
 * Level 5.6 Summonings
 * Level 5.4 Ice Magic
 - Level 1.0 Evocations


You had 10 spell levels left.
You knew the following spells:

 Your Spells              Type           Power        Failure   Level  Hunger
b - Summon Ice Beast      Ice/Summ       ###.....     16%         4    ####...


Dungeon Overview and Level Annotations

Branches:
Dungeon (8/15)             Temple (0/1) D:5
   Lair: D:8-11

Altars:
Ashenzari
Makhleb
Trog
Vehumet
Wu Jian
The Shining One

Annotations:
D:3 Gorglomux's ghost, amateur HOAM


Message History

The killer bee is heavily wounded.
The killer bee stings you but does no damage. x2
You hit the killer bee. You freeze the killer bee.
The killer bee is severely wounded.
The killer bee barely misses you.
The killer bee stings you but does no damage.
The killer bee stings you.
* * * LOW HITPOINT WARNING * * *
You barely miss the killer bee.
The killer bee is heavily wounded.
The killer bee stings you.
* * * LOW HITPOINT WARNING * * *
The killer bee stings you but does no damage.
Unknown command.
Okay, then.
Unknown command.
You miss the killer bee.
The killer bee is heavily wounded.
The killer bee stings you.
You die...

░.y....░.░
░......░.░
░......░.░
░......░.░
░░░......░.░
░..........░
░.░░░'░░░..░
░.░ ░y░ ..░
░.░░░♣░░░..░
░.░░░▩..+..░
░.░░░.░░░..░
░.░ ░.░ ..░
░.░ ░+░ ..░
░..


You could see a killer bee.

Vanquished Creatures
  A spriggan (D:7)
  Eustachio (D:4)
  A sky beast (D:6)
  A black bear (D:7)
  2 centaurs
  An ogre (D:6)
  A bullfrog (D:6)
  4 killer bees (D:8)
  5 wights (D:7)
  2 bullfrog zombies
  2 crimson imps
  A bullfrog skeleton (D:4)
  5 orc wizards
  2 hounds
  3 orc priests
  2 centaur skeletons
  5 iguanas
  Natasha (thrice) (D:3)
  3 worker ants
  2 hound skeletons
  A worker ant zombie (D:7)
  6 adders
  10 gnolls
  A river rat (D:3)
  A shadow imp (D:5)
  An ooze (D:2)
  An adder zombie (D:7)
  An adder skeleton (D:7)
  5 worms
  5 dart slugs
  3 leopard geckos
  24 orcs
  4 bats
  9 giant cockroaches
  11 goblins
  8 hobgoblins
  13 jackals
  4 quokkas
  5 frilled lizards
  A jackal zombie (D:6)
  4 kobolds
  2 leopard gecko skeletons (D:4)
  7 rats
174 creatures vanquished.

Notes
Turn   | Place    | Note
-------+----------+-------------------------------------------
     0 | D:1      | utis the Human Wanderer began the quest for the Orb.
     0 | D:1      | utis set off with: a +2 spear, a scroll of teleportation {@r4}, a wand of random effects (15/48), a +0 robe, a bread ration {@e1}
     0 | D:1      | Reached XP level 1. HP: 19/19 MP: 1/1
   353 | D:1      | Reached skill level 1 in Polearms
   413 | D:1      | Reached XP level 2. HP: 25/25 MP: 2/2
   718 | D:1      | Reached XP level 3. HP: 30/30 MP: 3/3
  1441 | D:2      | Reached XP level 4. HP: 37/37 MP: 4/4
  2689 | D:2      | Reached XP level 5. HP: 39/42 MP: 5/5
  2834 | D:3      | Noticed Gorglomux's ghost (amateur HOAM)
  2966 | D:3      | Noticed Natasha
  2972 | D:3      | Killed Natasha
  3188 | D:3      | Noticed Natasha
  3207 | D:3      | Killed Natasha
  3258 | D:3      | Noticed Natasha
  3312 | D:3      | Found an ornate altar of the Wu Jian Council.
  3325 | D:3      | Killed Natasha
  3325 | D:3      | Reached skill level 5 in Polearms
  4128 | D:3      | Reached XP level 6. HP: 48/48 MP: 6/6
  4295 | D:4      | Reached skill level 5 in Armour
  4485 | D:4      | HP: 1/48 [orc priest/divine providence (15)]
  4858 | D:4      | Noticed Eustachio
  4863 | D:4      | Killed Eustachio
  4863 | D:4      | Reached XP level 7. HP: 54/54 MP: 7/7
  4943 | D:4      | Found a burning altar of Makhleb.
  5536 | D:4      | Found a glowing golden altar of the Shining One.
  6020 | D:5      | Entered Level 5 of the Dungeon
  7132 | D:5      | Reached XP level 8. HP: 59/61 MP: 8/8
  7343 | D:5      | Got a warped dagger
  7402 | D:5      | Identified the +0 dagger of Embarrassment {distort, rF+ rC+ Str+2} (You found it on level 5 of the Dungeon)
  7403 | D:5      | nah
  7403 | D:5      | screw this
  7670 | D:5      | Found a staircase to the Ecumenical Temple.
  7943 | D:5      | Upgraded the game from 0.21-a0-137-g951aa02 to 0.21-a0-140-g479285b
  7979 | D:6      | Learned a level 4 spell: Summon Ice Beast
  8199 | D:6      | Found a radiant altar of Vehumet.
  8232 | D:6      | Reached skill level 1 in Summonings
  8232 | D:6      | Reached skill level 1 in Ice Magic
  8334 | D:6      | Reached skill level 1 in Spellcasting
  9057 | D:6      | Reached XP level 9. HP: 61/67 MP: 11/11
 10581 | D:7      | Reached skill level 5 in Summonings
 10628 | D:7      | Reached skill level 5 in Ice Magic
 10785 | D:7      | Found a radiant altar of Vehumet.
 10789 | D:7      | Found a bloodstained altar of Trog.
 11031 | D:8      | Found a shattered altar of Ashenzari.
 11101 | D:8      | HP: 3/100 [killer bee (5)]
 11102 | D:8      | Slain by a killer bee

Vault maps used:
D:1:      elethiomel_arrival_infinity_welcomes_careful_drivers
D:3:      old_standard_altar, gup_sewer_entry_spiral,
          chequers_ecumenical_altar_grove, uniq_natasha
D:4:      lemuel_round_altar, tso_oasis_becter, serial_forest,
          infiniplex_forest_lined_3, infiniplex_forest_straight_4,
          infiniplex_forest_clump_tiny, infiniplex_forest_end_2,
          infiniplex_forest_lined_2, uniq_eustachio
D:5:      minmay_temple_entry_large_hall, first_bread
D:6:      vehumet_altar_wand_db
D:7:      minitemple, the_bakery, moated_statue
D:8:      lemuel_doored_altar, minivault_26, solitary_fountain

Skill      XL: |  1  2  3  4  5  6  7  8  9 |
---------------+----------------------------+-----
Polearms       | 1 2 3 4 5 6 |  6.5
Armour         | 5 6 |  6.0
Summonings     | 3 5 |  5.6
Ice Magic      | 3 5 |  5.4
Spellcasting   | 1 3 |  3.1
Fighting       | |  4.9
Throwing       | |  1.0
Evocations     | |  1.0

Action                   |  1- 3 |  4- 6 |  7- 9 || total
-------------------------+-------+-------+-------++-------
Melee: Spear             |   117 |   178 |   191 ||   486
       Halberd           |       |       |   312 ||   312
 Fire: Hunting sling     |       |    11 |     7 ||    18
Throw: Stone             |       |    17 |    33 ||    50
Evoke: Wand              |       |    13 |    49 ||    62
  Use: Scroll            |     2 |     1 |     9 ||    12
       Potion            |       |     4 |     5 ||     9
 Stab: Distracted        |     1 |       |       ||     1
       Invisible         |       |       |     1 ||     1
  Eat: Chunk             |     2 |    11 |    20 ||    33
Armor: Robe              |     9 |     2 |       ||    11
       Plate armour      |       |    68 |   344 ||   412
       Skin              |       |       |    12 ||    12
Dodge: Dodged            |    31 |    34 |   100 ||   165
